[Event "*** Titled Tuesday Blitz"]
[Site "Chess.com"]
[Date "2020.10.20"]
[Round "10"]
[White "Nara_Kh"]
[Black "Kazmin_Dmitrij"]
[Result "1-0"]
[WhiteElo "2387"]
[BlackElo "2270"]
[TimeControl "180+1"]
[EndTime "11:57:54 PDT"]
[Termination "Nara_Kh won on time"]

1. e4 c5 2. Nf3 d6 3. d4 cxd4 4. Nxd4 Nf6 5. Nc3 Nc6 6. h3 e5 7. Nf3 h6 8. Bc4 Be7 9. O-O O-O 10. Be3 Be6 11. Qe2 a6 12. Rad1 Qc7 13. Bb3 Na5 14. Nd5 Bxd5 15. Bxd5 Nxd5 16. Rxd5 Rac8 17. c3 f5 18.
exf5 Rxf5 19. Rfd1 Rcf8 20. Nd2 b5 21. Ne4 Nc4 22.
b3 Nxe3 23. Qxe3 Kh8 24. f3 Rd8 25. Kh1 Rff8 26. Qd3 Qa5 27. Nxd6 Bxd6 28. Rxd6 Rde8 29. Rd2 Qc7 30. Rd7 Qc6 31. Qe3 e4 32. R2d6 Qc8 33. Rxh6+ 1-0

[Event "*** Titled Tuesday Blitz"]
[Site "Chess.com"]
[Date "2020.10.20"]
[Round "10"]
[White "GMTalks_Youtube"]
[Black "TudorAnton"]
[Result "0-1"]
[WhiteElo "2597"]
[BlackElo "2489"]
[TimeControl "180+1"]
[EndTime "11:57:55 PDT"]
[Termination "TudorAnton won by resignation"]

1. e4 e5 2. Nf3 Nc6 3. Bc4 Nf6 4. d3 Bc5 5. c3 d6 6. O-O Bg4 7. Nbd2 Bb6 8. Re1 O-O 9. h3 Be6 10. Bb5 Ne7 11. Nf1 Ng6 12. Ng3 c6 13. Ba4 Re8 14. Bc2 d5 15. exd5 Bxd5 16. a4 a5 17. Ng5 h6 18. N5e4 Nxe4 19. dxe4 Be6 20. Qf3 Nh4 21. Qe2 Qf6 22. Be3 Bxe3 23. Qxe3 Rad8 24. Rad1 Ng6 25.
Qb6 Nf4 26. Qe3 h5 27. Ne2 Qg5 28. Nxf4 exf4 29. Qf3 g6 30. Rxd8 Rxd8 31. Bd3 Bb3 32. Qe2 Bxa4 33. Kf1 Qc5 34. Qf3 Rxd3 0-1

[Event "*** Titled Tuesday Blitz"]
[Site "Chess.com"]
[Date "2020.10.20"]
[Round "10"]
[White "witcher8"]
[Black "kai_nov"]
[Result "1-0"]
[WhiteElo "2440"]
[BlackElo "2283"]
[TimeControl "180+1"]
[EndTime "11:57:55 PDT"]
[Termination "witcher8 won on time"]

1. e4 c5 2. Nc3 Nc6 3. f4 e6 4.
Nf3 d5 5. Bb5 Ne7 6. O-O a6 7.
Bxc6+ Nxc6 8. exd5 exd5 9. Ne5 Be7 10. Qf3 Nb4 11. Qd1 d4 12. Ne4 Bf5 13. d3 O-O 14.
Bd2 Nd5 15. c4 dxc3 16. bxc3 f6 17. Nc4 b5 18. Ne3 Nxe3 19. Bxe3 c4 20. g4 Be6 21. f5 Bd5 22. Nc5 Rc8 23. d4 Bxc5 24.
dxc5 Re8 25. Bd4 Bc6 26. Bf2 Qe7 27. Re1 Qf7 28. Rxe8+ Qxe8 29. Qe1 Qf8 30. Rd1 Re8 31.
Qd2 h5 32. h3 hxg4 33. hxg4 Bf3 34. Re1 Bxg4 35. Qd5+ Kh8 36. Re4 Rxe4 37. Qxe4 Bh5 38. c6 1-0

[Event "*** Titled Tuesday Blitz"]
[Site "Chess.com"]
[Date "2020.10.20"]
[Round "10"]
[White "zmeeed67"]
[Black "chenxiaoyuer"]
[Result "0-1"]
[WhiteElo "2347"]
[BlackElo "2508"]
[TimeControl "180+1"]
[EndTime "11:57:56 PDT"]
[Termination "chenxiaoyuer won by resignation"]

1. e4 c5 2. g3 g6 3. Bg2 Bg7 4. Ne2 Nc6 5. O-O e6 6. Nbc3 Nge7 7. a3 O-O 8. Rb1 d5 9. exd5 exd5 10. b4 d4 11. Ne4 cxb4 12. axb4 d3 13. N2c3 dxc2 14. Qxc2 Nd4 15. Qd1 Nef5 16. Nc5 Nd6 17. N3e4 Rb8 18. d3 b6 19. Nb3 N6b5 20. Be3 f5 21. Nxd4 Bxd4 22.
Qb3+ Kg7 23. Bxd4+ Nxd4 24. Qb2 fxe4 25. dxe4 Qf6 26. f4 Ne6 27. e5 Qe7 28. Rbd1 Bb7 29. Bh3 Rfd8 30. Rd6 Rxd6 31. exd6+ Qf6 32. Qe5 Nd4 33. d7 Nf3+ 34. Rxf3 Qxe5 35. fxe5 Bxf3 36. e6 Kf6 37. Kf2 Bc6 38. Ke3 Ke7 39. Kd4 a5 40.
bxa5 bxa5 0-1

[Event "*** Titled Tuesday Blitz"]
[Site "Chess.com"]
[Date "2020.10.20"]
[Round "10"]
[White "MuhittinBuker"]
[Black "HanSchut"]
[Result "1-0"]
[WhiteElo "2113"]
[BlackElo "2245"]
[TimeControl "180+1"]
[EndTime "11:57:56 PDT"]
[Termination "MuhittinBuker won on time"]

1. d4 Nf6 2. c4 g6 3. Nc3 d5 4. cxd5 Nxd5 5. e4 Nxc3 6. bxc3 Bg7 7. Bc4 c5 8. Ne2 Nc6 9. Be3 O-O 10. O-O Qc7 11. Rc1 Rd8 12. f3 a6 13. a4 Ne5 14.
Ba2 c4 15. Bf4 Qc6 16. Bxe5 Bxe5 17. Qd2 Qxa4 18. Rb1 Qc6 19. Qb2 Bg7 20. Qb6 Bd7 21.
Rb4 Bf8 22. Bxc4 e5 23. Qxc6 Bxc6 24. Rb6 exd4 25. cxd4 Rxd4 26. Rxc6 Rd2 27. Rc7 b5 28. Bxf7+ Kh8 29. Ng3 a5 30. Rb7 Rb2 31. Rc1 Bd6 32.
Bd5 Bf4 33. Rc6 Be3+ 34. Kf1 a4 35. Rcc7 Rf2+ 36. Ke1 1-0

[Event "*** Titled Tuesday Blitz"]
[Site "Chess.com"]
[Date "2020.10.20"]
[Round "10"]
[White "JoachimMouhamad"]
[Black "onetowin"]
[Result "1-0"]
[WhiteElo "2286"]
[BlackElo "2113"]
[TimeControl "180+1"]
[EndTime "11:57:56 PDT"]
[Termination "JoachimMouhamad won by resignation"]

1. e4 c5 2. Nf3 e6 3. d4 cxd4 4. Nxd4 Nc6 5. Nc3 Qc7 6. Be3 a6 7. Qd2 Nf6 8. O-O-O b5 9. Nxc6 dxc6 10. f3 Be7 11. g4 O-O 12. h4 c5 13. h5 Rd8 14.
Qg2 Bb7 15. Rxd8+ Rxd8 16. g5 Ne8 17. g6 fxg6 18. hxg6 h6 19. Qh3 Qe5 20. f4 Qf6 21.
Bg2 b4 22. e5 Qf5 23. Qxf5 exf5 24. Bxb7 bxc3 25. Bxa6 cxb2+ 26. Kxb2 Nc7 27. Bc4+ Kf8 28. a4 Rb8+ 29. Kc3 Na8 30. a5 Bd8 31. Bxc5+ Be7 32. Bxe7+ Kxe7 33. Rd1 Nc7 34. Rd6 Nb5+ 35. Bxb5 Rxb5 36.
Ra6 h5 37. Ra7+ Ke6 38. Rxg7 Rxa5 39. Rh7 Ra4 40. Rxh5 Rxf4 41. Rg5 Rg4 42. Rxg4 fxg4 43. Kd3 g3 44. Ke3 g2 45. Kf2 Kxe5 46. Kxg2 1-0

[Event "*** Titled Tuesday Blitz"]
[Site "Chess.com"]
[Date "2020.10.20"]
[Round "10"]
[White "Duhless"]
[Black "GigaQuparadze"]
[Result "1/2-1/2"]
[WhiteElo "3019"]
[BlackElo "2897"]
[TimeControl "180+1"]
[EndTime "11:57:57 PDT"]
[Termination "Game drawn by repetition"]

1. d4 Nf6 2. Nf3 e6 3. Bg5 c5 4. d5 exd5 5. Nc3 Be7 6. Nxd5 Nxd5 7. Qxd5 O-O 8. O-O-O Nc6 9. e3 Nb4 10. Bxe7 Qxe7 11.
Qd6 Qxd6 12. Rxd6 Nxa2+ 13. Kb1 Nb4 14. Bc4 Nc6 15. h4 Rb8 16. h5 h6 17. g4 b5 18.
Bd5 Nb4 19. Be4 Re8 20. Bf5 Bb7 21. Rh3 Bc6 22. g5 Bxf3 23. Rxf3 hxg5 24. Rg3 f6 25. c3 Nc6 26. Bxd7 Ne5 27. Bxe8 Rxe8 28. f4 Nf7 29. Rd5 Rc8 30. Rg1 a6 31. Rgd1 Kh7 32. Rd7 Rf8 33.
Rc7 c4 34. fxg5 Nxg5 35. Rdd7 Rg8 36. Ra7 Kh6 37. Re7 Nf3 38. Ka2 Ne5 39. Rec7 Ng4 40. e4 Ne5 41. Ka3 Nd3 42. Re7 Ne5 43. Rec7 Nd3 44.
Rcb7 Ne5 45. Rc7 1/2-1/2

[Event "*** Titled Tuesday Blitz"]
[Site "Chess.com"]
[Date "2020.10.20"]
[Round "10"]
[White "paulrusan"]
[Black "jonaszmb"]
[Result "0-1"]
[WhiteElo "2227"]
[BlackElo "2393"]
[TimeControl "180+1"]
[EndTime "11:57:57 PDT"]
[Termination "jonaszmb won by checkmate"]

1. e4 c5 2. b4 cxb4 3. Bb2 Nc6 4. d4 d5 5. exd5 Qxd5 6. c4 Qe4+ 7. Ne2 e5 8. Nd2 Qh4 9. Nf3 Qe4 10. d5 b3 11.
dxc6 Bb4+ 12. Nd2 Nf6 13. axb3 O-O 14. f3 Qe3 15. c7 Bf5 16. Ba3 Bc3 17. Rc1 Bd4 18.
Nb1 Rfd8 19. cxd8=Q+ Rxd8 20. Qd2 Qf2+ 21. Kd1 Bb6 22. Bd6 Be3 23. Qb4 Bc5 24. Qd2 Rxd6 25.
Qxd6 Bxd6 26. Nd2 Bb4 27. c5 h5 28. c6 bxc6 29. Rxc6 e4 30. fxe4 Nxe4 31. Nxe4 Bxe4 32. Rc8+ Kh7 33. Rd8 Qe1# 0-1

[Event "*** Titled Tuesday Blitz"]
[Site "Chess.com"]
[Date "2020.10.20"]
[Round "10"]
[White "ChristopherYoo"]
[Black "ChessQueen"]
[Result "0-1"]
[WhiteElo "2832"]
[BlackElo "2731"]
[TimeControl "180+1"]
[EndTime "11:57:58 PDT"]
[Termination "ChessQueen won on time"]

1. Nf3 Nf6 2. c4 b6 3. g3 Bb7 4. Bg2 e6 5. O-O Be7 6. d4 O-O 7. Nc3 Ne4 8. Bd2 d5 9. cxd5 exd5 10. Bf4 c5 11. Rc1 Na6 12. dxc5 Naxc5 13. Be5 Qd7 14.
Bd4 Rac8 15. Ne5 Qe6 16. Nd3 Bg5 17. Rc2 Ba6 18. Nb4 Bb7 19. Bxc5 Rxc5 20. Ncxd5 Rxd5 21. Nxd5 Bxd5 22. Qd3 Ba8 23. Qb5 Bh6 24. Rd1 g6 25.
Bf3 Qxa2 26. Qb4 Nc5 27. Bxa8 Rxa8 28. Qh4 Bf8 29. Qf6 Qb3 30. Rcd2 Qe6 31. Qf3 Re8 32.
e3 Ne4 33. Rd4 Bc5 34. Rd5 Kg7 35. h4 h5 0-1

[Event "*** Titled Tuesday Blitz"]
[Site "Chess.com"]
[Date "2020.10.20"]
[Round "10"]
[White "GalperinPlaton"]
[Black "Shubinkirill2003"]
[Result "1-0"]
[WhiteElo "2840"]
[BlackElo "2667"]
[TimeControl "180+1"]
[EndTime "11:57:58 PDT"]
[Termination "GalperinPlaton won by checkmate"]

1. h4 Nf6 2. Nh3 d5 3. g3 e5 4. Bg2 Nc6 5. d3 Be7 6. Nd2 O-O 7. c4 dxc4 8. Nxc4 Be6 9. b3 Bd5 10. O-O Bxg2 11. Kxg2 Nd5 12. Bb2 f6 13. a3 a5 14.
e4 Nb6 15. f4 Nxc4 16. dxc4 Nd4 17. fxe5 fxe5 18. Qg4 Bf6 19. Rad1 c5 20. Rd3 Qb6 21. Bxd4 cxd4 22. Rdf3 Rad8 23. Nf2 a4 24. b4 Qc6 25.
c5 Kh8 26. Nd3 Rg8 27. Rf5 Qb5 28. R1f3 Rge8 29. h5 Qc4 30. h6 Rg8 31. hxg7+ Bxg7 32. Rh5 h6 33. Nxe5 Qe2+ 34. Kh3 Qe1 35. Nf7+ Kh7 36. Qf5# 1-0

[Event "*** Titled Tuesday Blitz"]
[Site "Chess.com"]
[Date "2020.10.20"]
[Round "10"]
[White "kot60"]
[Black "PriSachu"]
[Result "0-1"]
[WhiteElo "2333"]
[BlackElo "2438"]
[TimeControl "180+1"]
[EndTime "11:57:58 PDT"]
[Termination "PriSachu won on time"]

1. e4 e5 2. Nc3 Nf6 3. f4 d5 4.
fxe5 Nxe4 5. Qf3 Nxc3 6. bxc3 Be6 7. d4 c5 8. Bb5+ Nc6 9. Ne2 Qa5 10. a4 Be7 11. O-O O-O 12. Bd3 cxd4 13. cxd4 Rac8 14. c3 f6 15. Qh5 f5 16. Bg5 g6 17. Qh4 Qd8 18. Bxe7 Qxe7 19. Qg3 Kh8 20. a5 g5 21.
Qh3 f4 22. Qh6 a6 23. Kh1 Rf7 24. Ng1 Rg8 25. Nf3 Nd8 26. Rab1 Bg4 27. Rb6 Nc6 28. Ra1 Bxf3 29. gxf3 g4 30. fxg4 Rxg4 31. Rf1 f3 0-1

[Event "*** Titled Tuesday Blitz"]
[Site "Chess.com"]
[Date "2020.10.20"]
[Round "10"]
[White "maxip32"]
[Black "tylityli"]
[Result "1-0"]
[WhiteElo "2438"]
[BlackElo "2246"]
[TimeControl "180+1"]
[EndTime "11:58:00 PDT"]
[Termination "maxip32 won on time"]

1. e4 e5 2. Nf3 Nc6 3. Bc4 Nf6 4. d3 Be7 5. O-O O-O 6. Re1 d6 7. c3 Na5 8. Bb5 a6 9. Ba4 b5 10. Bc2 c5 11. Nbd2 Bb7 12. Nf1 Rc8 13. Bg5 h6 14. Bxf6 Bxf6 15. Ne3 g6 16. a4 Bg7 17. axb5 axb5 18.
b4 Nc6 19. Nd5 Ne7 20. Nxe7+ Qxe7 21. Bb3 Qc7 22. Nd2 Kh7 23. Nf1 cxb4 24. cxb4 Qc3 25. Ra7 Rb8 26. Ne3 Qxb4 27. Bd5 Bxd5 28. Nxd5 Qd4 29.
Rd7 Rbd8 30. Rb7 Rb8 31. Rd7 Rbd8 32. Rxd8 Rxd8 33. Qb3 Rb8 34. Ne7 Qa7 35. Nc6 Qb6 36. Nxb8 Qxb8 37. Rb1 f5 38. Qxb5 Qa7 39. g3 fxe4 40. dxe4 h5 41. Qd5 Qe7 42. Rb7 Qf6 43. Rf7 Qd8 44. Qb7 Qg8 45. Rd7 Qf8 46. Qd5 Qf3 47. Qf7 1-0

[Event "*** Titled Tuesday Blitz"]
[Site "Chess.com"]
[Date "2020.10.20"]
[Round "10"]
[White "Euwe1234"]
[Black "ShapkinAnatoliy"]
[Result "1-0"]
[WhiteElo "2413"]
[BlackElo "2634"]
[TimeControl "180+1"]
[EndTime "11:58:01 PDT"]
[Termination "Euwe1234 won by checkmate"]

1. e4 e5 2. Nf3 Nc6 3. Bb5 Nf6 4. O-O Nxe4 5. d4 Nd6 6. Bxc6 dxc6 7. dxe5 Nf5 8.
Qxd8+ Kxd8 9. Rd1+ Ke8 10. h3 Ne7 11. c4 Ng6 12. Nc3 Be7 13. Be3 b6 14. b3 Bb7 15.
c5 Nf8 16. Rac1 Ne6 17. Ne4 h6 18. b4 Rd8 19. Nd4 Rd5 20. f4 Nxd4 21. Bxd4 Kd7 22. Bb2 Rd8 23. Nc3 Rxd1+ 24. Rxd1+ Ke6 25. Rxd8 Bxd8 26. Kf2 Be7 27. Ba3 Ba6 28. Ke3 Bf1 29.
Kf2 Bc4 30. Ke3 g6 31. g3 Bf1 32. h4 Kf5 33. Kf3 Bh3 34. b5 Bg4+ 35. Ke3 Ke6 36.
bxc6 bxc5 37. Kd3 h5 38. Kc4 Bf5 39. Nb5 Bd8 40. Bxc5 Be4 41. Nd4# 1-0

[Event "*** Titled Tuesday Blitz"]
[Site "Chess.com"]
[Date "2020.10.20"]
[Round "10"]
[White "MashaFromRussia"]
[Black "A-S-00"]
[Result "1/2-1/2"]
[WhiteElo "2398"]
[BlackElo "2302"]
[TimeControl "180+1"]
[EndTime "11:58:02 PDT"]
[Termination "Game drawn by repetition"]

1. d4 d5 2. c4 c6 3. Nf3 Nf6 4. Nc3 dxc4 5. e3 b5 6. a4 b4 7. Nb1 Be6 8. Qc2 Qd5 9. Nbd2 Nbd7 10. Bxc4 Qd6 11. Bxe6 Qxe6 12. Ng5 Qd5 13. Nge4 g6 14. O-O Bg7 15. Nxf6+ Nxf6 16. Nc4 O-O 17. Ne5 Rac8 18.
Nd3 a5 19. b3 Ne4 20. Bb2 c5 21. f3 Nd6 22. Nxc5 Nb7 23. Rac1 Nxc5 24. dxc5 Bxb2 25. Qxb2 Rxc5 26. Rxc5 Qxc5 27. Qd4 Qxd4 28. exd4 Rc8 29. Re1 e6 30. Re5 Rc3 31. Rxa5 Rxb3 32. Rb5 h5 33. h4 Kg7 34. Kf1 Rb2 35. a5 Ra2 36. Rxb4 Rxa5 37. Kf2 Kf6 38. Rb7 Ra2+ 39. Kg3 Rd2 40. Rb4 Ke7 41. Rb7+ Kf6 42. Rb4 Kg7 43. Ra4 Kf6 44.
Rb4 1/2-1/2

[Event "*** Titled Tuesday Blitz"]
[Site "Chess.com"]
[Date "2020.10.20"]
[Round "10"]
[White "korkmaz16"]
[Black "shineatchess"]
[Result "1-0"]
[WhiteElo "2355"]
[BlackElo "2208"]
[TimeControl "180+1"]
[EndTime "11:58:04 PDT"]
[Termination "korkmaz16 won on time"]

1. e4 e5 2. Nf3 Nc6 3. Bc4 Nf6 4. Ng5 d5 5. exd5 Na5 6. Bb5+ c6 7. dxc6 bxc6 8.
Be2 h6 9. Nf3 e4 10. Ne5 Bc5 11. c3 Bd6 12. d4 exd3 13. Nxd3 O-O 14. O-O Re8 15. b3 Ba6 16. c4 Qe7 17. Re1 Rad8 18. Bb2 Bb8 19. Nc3 Qd6 20. g3 Bc7 21. Nf4 Qb4 22.
Qc2 Bxf4 23. gxf4 c5 24. Bf3 Qb8 25. Rxe8+ Rxe8 26. Nd5 Nxd5 27. Bxd5 Qxf4 28. Qc3 Qg4+ 29. Kh1 Bb7 30. Rg1 Bxd5+ 31. cxd5 Qd4 32. Rxg7+ Kxg7 33. Qc2 Re1+ 34. Kg2 Nb7 35. Bxd4+ cxd4 36. Qc7 1-0

[Event "*** Titled Tuesday Blitz"]
[Site "Chess.com"]
[Date "2020.10.20"]
[Round "10"]
[White "Grieve72"]
[Black "djano"]
[Result "1-0"]
[WhiteElo "2442"]
[BlackElo "2447"]
[TimeControl "180+1"]
[EndTime "11:58:06 PDT"]
[Termination "Grieve72 won by resignation"]

1. e4 e6 2. d4 d5 3. Nd2 dxe4 4. Nxe4 Bd7 5. Nf3 Bc6 6. Bd3 Nd7 7. c3 Ngf6 8. Nxf6+ Nxf6 9. O-O Bxf3 10. Qxf3 c6 11. Re1 Be7 12. a4 a5 13. Bf4 Qb6 14. Re2 O-O 15.
Bc2 Rfe8 16. Rae1 g6 17. Bg5 Nd5 18. Bxe7 Nxe7 19. h4 c5 20. dxc5 Qxc5 21. Re5 Qd6 22. h5 Nf5 23. g4 Nh4 24. Qf6 Qe7 25. Qf4 Rad8 26. h6 Rd2 27. Bb3 Rxb2 28. Rxe6 fxe6 29. Rxe6 Qxe6 30. Qf6 Rb1+ 31. Kh2 Nf3+ 32. Kg3 Rg1+ 33. Kxf3 Rf8 34. Bxe6+ 1-0

[Event "*** Titled Tuesday Blitz"]
[Site "Chess.com"]
[Date "2020.10.20"]
[Round "10"]
[White "dretch"]
[Black "Orest_Vovk"]
[Result "1-0"]
[WhiteElo "2819"]
[BlackElo "2521"]
[TimeControl "180+1"]
[EndTime "11:58:08 PDT"]
[Termination "dretch won by resignation"]

1. d4 Nc6 2. e4 e5 3. dxe5 Nxe5 4. Nf3 Nxf3+ 5. Qxf3 Qf6 6. Nc3 Qxf3 7. gxf3 c6 8. Bf4 Ne7 9. O-O-O Ng6 10. Bc7 Be7 11. f4 Bd8 12. Bxd8 Kxd8 13. f5 Ne7 14. Rg1 g6 15. f6 Ng8 16. e5 Nh6 17. Ne4 Re8 18. f4 d5 19. Nd6 Rf8 20. c4 Be6 21. Nxb7+ Kc7 22. Nc5 Nf5 23. Nxe6+ fxe6 24. Bh3 Ne3 25. cxd5 Nxd5 26. Bxe6 Nxf4 27. Rd7+ Kb6 28. Bc4 Rae8 29. Re1 Rxf6 30. exf6 Rxe1+ 31. Kd2 Re8 32. f7 Rf8 33. Re7 Nd5 34. Bxd5 cxd5 35. Ke3 g5 36. Kd4 Kc6 37. Ke5 h5 38. Kf6 d4 39. Re8 Rxf7+ 40. Kxf7 g4 41. Rd8 Kc5 42. Kg6 h4 43. Kf5 g3 44. hxg3 hxg3 45. Rg8 d3 46. Rxg3 Kd4 47. Rg4+ Ke3 48. Ke5 d2 49. Rd4 Ke2 50. b4 d1=Q 51.
Rxd1 Kxd1 52. Kd4 Kc2 53. Kc4 Kb2 54. a4 Ka3 55. a5 Ka4 56. Kc5 a6 57. b5 axb5 58.
a6 b4 59. a7 Kb3 60. a8=Q Kc3 61. Qf3+ 1-0

[Event "*** Titled Tuesday Blitz"]
[Site "Chess.com"]
[Date "2020.10.20"]
[Round "10"]
[White "DinaBelenkaya"]
[Black "Astaneh"]
[Result "0-1"]
[WhiteElo "2303"]
[BlackElo "2537"]
[TimeControl "180+1"]
[EndTime "11:58:08 PDT"]
[Termination "Astaneh won by checkmate"]

1. e4 c6 2. d4 d5 3. Nc3 dxe4 4. Nxe4 Nd7 5. Nf3 Ngf6 6. Nxf6+ Nxf6 7. Bc4 Bf5 8. O-O e6 9. c3 Bd6 10. Bg5 Qc7 11.
h3 Ne4 12. Be3 O-O-O 13. b4 g5 14. Qb3 g4 15. hxg4 Bxg4 16. Ne5 Rhg8 17. Nxg4 Rxg4 18. Bxe6+ fxe6 19. Qxe6+ Qd7 20. Qxd7+ Kxd7 21. f3 Rg3 22. fxe4 Rxe3 23. e5 Be7 24. c4 Rg8 25. Rae1 Reg3 26.
Re2 h5 27. Kh2 R3g4 28. d5 Bxb4 29. Rf7+ Ke8 30. Rxb7 Rh4+ 31. Kg1 Bc5+ 32. Rf2 Rf4 33. Rb8+ Kf7 34. e6+ Kg7 35. Rb7+ Kh6 36. d6 Bxf2+ 37. Kh2 Rh4# 0-1

[Event "*** Titled Tuesday Blitz"]
[Site "Chess.com"]
[Date "2020.10.20"]
[Round "10"]
[White "alexwinter25"]
[Black "Ty3oB"]
[Result "0-1"]
[WhiteElo "2352"]
[BlackElo "2287"]
[TimeControl "180+1"]
[EndTime "11:58:08 PDT"]
[Termination "Ty3oB won on time"]

1. e4 c5 2. Nf3 d6 3. d4 cxd4 4. c3 Nf6 5. Bd3 dxc3 6. Nxc3 Nc6 7. h3 g6 8. O-O Bg7 9. Qe2 O-O 10. Rd1 a6 11. e5 Ne8 12. exd6 Nxd6 13. Bf4 Qa5 14. Bxd6 exd6 15. Bc4 Bf5 16. Rd5 Qc7 17. Rad1 Rad8 18. Rxf5 gxf5 19. Ng5 h6 20. Nd5 Qd7 21. Qh5 hxg5 22.
Qxg5 Qe6 23. Ne3 Qf6 24. Qh5 Ne5 25. Nd5 Qh6 26. Qxh6 Bxh6 27. Bb3 Kg7 28. Ne7 Kf6 29. Nd5+ Kg6 30. Ne7+ Kh7 31. Nxf5 d5 32. Rd4 Ng6 0-1

[Event "*** Titled Tuesday Blitz"]
[Site "Chess.com"]
[Date "2020.10.20"]
[Round "10"]
[White "GothamChess"]
[Black "esapunov"]
[Result "1-0"]
[WhiteElo "2619"]
[BlackElo "2743"]
[TimeControl "180+1"]
[EndTime "11:58:09 PDT"]
[Termination "GothamChess won on time"]

1. d4 Nf6 2. Bg5 d5 3. e3 c5 4. c3 e6 5. Nd2 Nc6 6. Bd3 h6 7. Bh4 Bd6 8. Ngf3 O-O 9. a3 b6 10. g4 e5 11. dxe5 Nxe5 12. Nxe5 Bxe5 13. g5 hxg5 14.
Bxg5 d4 15. cxd4 cxd4 16. Nc4 Re8 17. Qf3 Bg4 18. Qg2 dxe3 19. O-O Qxd3 20. Nxe5 Rxe5 21. Qxa8+ Re8 22. Qg2 e2 23. Bxf6 exf1=Q+ 24. Rxf1 Re6 25. Qxg4 Rxf6 26. Rd1 Qb3 27. Kh1 Rg6 28. Rd8+ Kh7 29. Qh5+ Rh6 30. Qf5+ g6 31. Qf6 1-0

[Event "*** Titled Tuesday Blitz"]
[Site "Chess.com"]
[Date "2020.10.20"]
[Round "10"]
[White "Zhani-Z"]
[Black "Zmeeed63"]
[Result "0-1"]
[WhiteElo "2521"]
[BlackElo "2388"]
[TimeControl "180+1"]
[EndTime "11:58:09 PDT"]
[Termination "Zmeeed63 won on time"]

1. e4 Nc6 2. Nf3 d6 3. d4 Nf6 4. Nc3 Bg4 5. d5 Nb8 6. Be2 c6 7. O-O g6 8. a4 Bg7 9. a5 a6 10.
Nd2 Bxe2 11. Qxe2 Nbd7 12. Nc4 O-O 13. Bg5 cxd5 14. exd5 Rc8 15. Ra4 Re8 16. Rd1 Qc7 17. h3 b5 18. axb6 Nxb6 19. Nxb6 Qxb6 20. Ra2 Nd7 21.
Be3 Nc5 22. Bd4 a5 23. Bxg7 Kxg7 24. Rd4 Nb3 25. Re4 Nc1 26. Qd2 Nxa2 27. Rh4 h5 28. Rxh5 Rh8 29. Rxh8 Rxh8 0-1

[Event "*** Titled Tuesday Blitz"]
[Site "Chess.com"]
[Date "2020.10.20"]
[Round "10"]
[White "Rubinstein_Akiba"]
[Black "zajka-molotok"]
[Result "0-1"]
[WhiteElo "2374"]
[BlackElo "2493"]
[TimeControl "180+1"]
[EndTime "11:58:09 PDT"]
[Termination "zajka-molotok won on time"]

1. e4 d5 2. exd5 Qxd5 3. Nc3 Qd8 4. d4 Nf6 5. g3 g6 6. Bg2 Bg7 7. Nf3 c6 8. O-O O-O 9. h3 Nbd7 10. Be3 Nb6 11. Ne5 Nfd7 12. f4 Nxe5 13. dxe5 Nc4 14. Qxd8 Rxd8 15. Bc1 f6 16. b3 Nb6 17.
exf6 Bxf6 18. Bb2 Bf5 19. Rac1 Rd2 20. Rfd1 Rxc2 21. Rxc2 Bxc2 22. Rd2 Bf5 23. Ne4 Bxb2 24. Rxb2 Rd8 25. Nc5 Bc8 26. Kf2 Kf7 27. Ke3 Nd5+ 28. Ke2 b6 29. Ne4 Bf5 30. Rc2 c5 31. Rc1 Nb4 32. a3 Nd5 33. Nd2 h5 34. Nc4 Nf6 35. Ne5+ Ke6 36. Nc6 Rd7 37. b4 cxb4 38. axb4 Be4 39.
Bxe4 Nxe4 40. Ke3 Nxg3 41. Rg1 Nf5+ 42. Ke4 Kf6 43. Ne5 Rd4+ 44. Kf3 Nh4+ 45. Kg3 Rxb4 0-1

[Event "*** Titled Tuesday Blitz"]
[Site "Chess.com"]
[Date "2020.10.20"]
[Round "10"]
[White "Radzio1987"]
[Black "Meri-Arabidze"]
[Result "1-0"]
[WhiteElo "2804"]
[BlackElo "2632"]
[TimeControl "180+1"]
[EndTime "11:58:10 PDT"]
[Termination "Radzio1987 won on time"]

1. c4 e5 2. Nc3 Nc6 3. Nf3 f5 4. g3 Nf6 5. d4 e4 6. Nh4 d5 7.
Bg5 dxc4 8. e3 b5 9. Nxb5 Bb4+ 10. Nc3 O-O 11. Bxc4+ Kh8 12. Ng2 Qe8 13. Bxf6 Rxf6 14. Nf4 Rh6 15. h4 Bd6 16. Nh3 Qd8 17. Qa4 Bd7 18. Qc2 Nb4 19. Qe2 Be8 20. a3 Bh5 21.
Qd2 Nd3+ 22. Bxd3 exd3 23. Qxd3 Qe7 24. Nf4 Bf3 25. Rg1 Bxf4 26. gxf4 Rxh4 27. Qxf5 Rh2 28. Qg5 Re8 29. Qxe7 Rxe7 30. Rc1 h5 31. Nb1 h4 32. Nd2 Bd5 33. Ke2 h3 34. Rg5 c6 35. b4 1-0

[Event "*** Titled Tuesday Blitz"]
[Site "Chess.com"]
[Date "2020.10.20"]
[Round "10"]
[White "Sychev_Klementy"]
[Black "chessplayer9919"]
[Result "1-0"]
[WhiteElo "2855"]
[BlackElo "2616"]
[TimeControl "180+1"]
[EndTime "11:58:10 PDT"]
[Termination "Sychev_Klementy won by resignation"]

1. e4 e5 2. f4 exf4 3. Nf3 g5 4. Bc4 g4 5. O-O gxf3 6. Qxf3 Bh6 7. d4 Nc6 8. Bxf4 Qf6 9. c3 Qxf4 10. Qxf4 Bxf4 11.
Rxf4 Nd8 12. Na3 Ne6 13. Rf2 c6 14. Raf1 f6 15. Be2 b5 16. d5 Ng5 17. Rf4 Bb7 18. Bh5+ Ke7 19. e5 fxe5 20. Rf5 h6 21. h4 Nh7 22. Rf7+ Kd6 23. Rd1 Kc5 24. Rxd7 Bc8 25. Rc7 Kb6 26. Rxc6+ Kb7 27. Nxb5 Nhf6 28. Nd6+ Kb8 29.
Bf3 Ne7 30. Rc5 Rd8 31. Nf7 Rf8 32. Nxe5 Bb7 33. d6 Bxf3 34. dxe7 Re8 35. gxf3 Kb7 36. Rd6 Rxe7 37. Rxf6 Rg8+ 38. Kf2 Reg7 39. Rf7+ Rxf7 40. Nxf7 Rg5 41. hxg5 1-0

[Event "*** Titled Tuesday Blitz"]
[Site "Chess.com"]
[Date "2020.10.20"]
[Round "10"]
[White "Illingworth"]
[Black "Rud_Makarian"]
[Result "1-0"]
[WhiteElo "2900"]
[BlackElo "2750"]
[TimeControl "180+1"]
[EndTime "11:58:12 PDT"]
[Termination "Illingworth won on time"]

1. Nf3 Nf6 2. c4 g6 3. Nc3 Bg7 4. e4 d6 5. d4 O-O 6. Be2 e5 7. Be3 Nc6 8. d5 Ne7 9. Nd2 h5 10. f3 Nh7 11. b4 f5 12. c5 f4 13. Bf2 g5 14. Nc4 Rf6 15. Rc1 Rg6 16. cxd6 cxd6 17. Nb5 g4 18. Bxa7 Rxa7 19. Nxa7 Bd7 20. b5 Ng5 21. b6 Bh6 22. Qb3 h4 23. Nxe5 dxe5 24. d6+ Be6 25. dxe7 Qxe7 26. Rc7 Qd6 27. Nc8 Bxb3 28.
Nxd6 Rxd6 29. axb3 h3 30. gxh3 gxf3 31. Bc4+ Kh8 32.
Rxb7 Nxe4 33. Rb8+ Kh7 34. b7 f2+ 35. Ke2 Rd2+ 36.
Kf3 Ng5+ 37. Kg4 Rd7 38. Rh8+ Kxh8 39. b8=Q+ Kh7 40. Qxe5 Rg7 41. Qf5+ Kh8 42. Kh5 Rh7 43. Rd1 1-0

[Event "*** Titled Tuesday Blitz"]
[Site "Chess.com"]
[Date "2020.10.20"]
[Round "10"]
[White "Omk124"]
[Black "ural58"]
[Result "1-0"]
[WhiteElo "2483"]
[BlackElo "2343"]
[TimeControl "180+1"]
[EndTime "11:58:14 PDT"]
[Termination "Omk124 won by resignation"]

1. e4 d5 2. exd5 Qxd5 3. Nc3 Qa5 4. d4 Nf6 5. Nf3 Nc6 6. Bc4 Bg4 7. Be3 O-O-O 8. h3 Qh5 9. Be2 e5 10. O-O exd4 11. Nxd4 Bxe2 12. Ncxe2 Nxd4 13. Nxd4 Bc5 14. Qxh5 Nxh5 15. Nc6 bxc6 16. Bxc5 Rd2 17. Rac1 Nf4 18. Be3 Ne2+ 19. Kh1 Rd5 20. Rcd1 Rhd8 21. Rxd5 Rxd5 22.
Re1 Nd4 23. Bxd4 Rxd4 24. Re7 Rf4 25. f3 g6 26. Kg1 h5 27. Kf2 Kb7 28. Re4 Rf5 29. Ke3 c5 30. c4 Kc6 31. g4 hxg4 32.
hxg4 Rf6 33. Re5 Rd6 34. Re7 Rf6 35. f4 Kd6 36. Re5 Re6 37. Ke4 f6 38. Rxe6+ Kxe6 39. f5+ gxf5+ 40. gxf5+ Kd6 41. Kf4 Kc6 42. Kg4 Kd6 43. Kh5 Ke5 44. Kg6 a5 45. a4 Kd4 46.
Kxf6 Kxc4 47. Ke5 Kb3 48. f6 Kxb2 49. f7 c4 50. f8=Q c3 51. Qc5 c2 52. Qb5+ Ka1 53. Qc6 Kb2 54. Qb7+ Ka2 55. Qxc7 Kb2 56. Kd4 c1=Q 57. Qxc1+ Kxc1 58. Kc5 Kd2 59. Kb5 Kd3 60. Kxa5 Kd4 61. Kb6 Kd5 62. a5 1-0